TOP OF THE 1ST |
Bismark Border Guards batting - Pitching for Culver City Extras : LHP Greg Taylor
|
Pitching: LHP Greg Taylor
|
|
Batting: LHB Juan Viera
|
0-0: Ball 1-0: Ball 2-0: Ball 3-0: Called Strike 3-1: DOUBLE (Line Drive, 9D)
|
Batting: LHB Jim Jensen
|
0-0: SINGLE (Groundball, 5D) Juan Viera to third Runner from 3rd tries for Home, SAFE, no throw or cutoff
|
Batting: RHB Mike Wright
|
0-0: Fly out, F7 (Line Drive, 78M)
|
Batting: RHB José Gómez
|
0-0: Called Strike 0-1: Foul Ball, location: 2F 0-2: Foul Ball, location: 2F 0-2: Ball 1-2: Strikes out swinging
|
Batting: RHB Vincent Fields
|
0-0: Fly out, F2 (Popup, 2RF)
|
Top of the 1st over - 1 run(s), 2 hit(s), 0 error(s), 1 left on base; Bismark 1 - Culver City 0 |
BOTTOM OF THE 1ST |
Culver City Extras batting - Pitching for Bismark Border Guards : LHP Martin Lowry
|
Pitching: LHP Martin Lowry
|
|
Batting: RHB Salvador Medine
|
0-0: Ball 1-0: Ball 2-0: Called Strike 2-1: Foul Ball, location: 2F 2-2: Ball 3-2: Strikes out looking
|
Batting: RHB Max Rash
|
0-0: Called Strike 0-1: Ball 1-1: Ball 2-1: Foul Ball, location: 2F 2-2: Ground out 6-3 (Groundball, 6)
|
Batting: RHB Bill Little
|
0-0: Called Strike 0-1: Ball 1-1: Called Strike 1-2: Strikes out swinging
|
Bottom of the 1st over - 0 run(s), 0 hit(s), 0 error(s), 0 left on base; Bismark 1 - Culver City 0 |
TOP OF THE 2ND |
Bismark Border Guards batting - Pitching for Culver City Extras : LHP Greg Taylor
|
Batting: RHB José Cintrón
|
0-0: Ball 1-0: Ball 2-0: Fly out, F9 (Flyball, 9LSF)
|
Batting: LHB Colin Ives
|
0-0: Called Strike 0-1: Ball 1-1: Ball 2-1: Foul Ball, location: 2F 2-2: Strikes out swinging
|
Batting: RHB Enrico Rodríguez
|
0-0: Ball 1-0: Foul Ball, location: 2F 1-1: Called Strike 1-2: SINGLE (Groundball, 34S)
|
Batting: RHB Brennan Yates
|
0-0: Called Strike 0-1: Swinging Strike 0-2: Ball 1-2: Foul Ball, location: 2F 1-2: Strikes out swinging
|
Top of the 2nd over - 0 run(s), 1 hit(s), 0 error(s), 1 left on base; Bismark 1 - Culver City 0 |
BOTTOM OF THE 2ND |
Culver City Extras batting - Pitching for Bismark Border Guards : LHP Martin Lowry
|
Batting: RHB Luis Sáenz
|
0-0: Ball 1-0: DOUBLE (Groundball, 5L)
|
Batting: RHB Axel Guimont
|
0-0: Foul Ball, location: 2F 0-1: Ground out 6-3 (Groundball, 6S) Luis Sáenz to third
|
Batting: RHB Jesús Gonzáles
|
0-0: Called Strike 0-1: Ball 1-1: Ball 2-1: Ball 3-1: Swinging Strike 3-2: Base on Balls
|
Batting: RHB Steve Bender
|
0-0: Ball 1-0: Foul Ball, location: 2F 1-1: Swinging Strike 1-2: Fielders Choice at 2nd, 6-4 (Groundball, 6M) Luis Sáenz scores
|
Batting: RHB Jesús Hernández
|
0-0: Called Strike 0-1: Ground out 1-3 (Groundball, 15S)
|
Bottom of the 2nd over - 1 run(s), 1 hit(s), 0 error(s), 1 left on base; Bismark 1 - Culver City 1 |
TOP OF THE 3RD |
Bismark Border Guards batting - Pitching for Culver City Extras : LHP Greg Taylor
|
Batting: LHB Juan Viera
|
0-0: Called Strike 0-1: SOLO HOME RUN (Flyball, 9D), Distance : 401 ft
|
Batting: LHB Jim Jensen
|
0-0: Foul Ball, location: 2F 0-1: Ball 1-1: Swinging Strike 1-2: Ball 2-2: Foul Ball, location: 2F 2-2: Strikes out looking
|
Batting: RHB Mike Wright
|
0-0: Ball 1-0: Ball 2-0: Called Strike 2-1: Ball 3-1: Foul Ball, location: 2F 3-2: Foul Ball, location: 2F 3-2: Ground out 5-3 (Groundball, 15S)
|
Batting: RHB José Gómez
|
0-0: Ball 1-0: Ball 2-0: Ball 3-0: Base on Balls
|
Batting: RHB Vincent Fields
|
0-0: Swinging Strike 0-1: Ball 1-1: Called Strike 1-2: Ball 2-2: Strikes out looking
|
Top of the 3rd over - 1 run(s), 1 hit(s), 0 error(s), 1 left on base; Bismark 2 - Culver City 1 |
BOTTOM OF THE 3RD |
Culver City Extras batting - Pitching for Bismark Border Guards : LHP Martin Lowry
|
Batting: LHB Ronaldo Gois
|
0-0: Bunt for hit - play at first, batter OUT! 1-3
|
Batting: RHB Salvador Medine
|
0-0: Ball 1-0: Swinging Strike 1-1: Swinging Strike 1-2: Ball 2-2: Strikes out swinging
|
Pitching: RHP Fernando Gutiérrez
|
|
Batting: RHB Max Rash
|
0-0: SINGLE (Groundball, 6MD)
|
Batting: RHB Bill Little
|
0-0: Foul Ball, location: 2F 0-1: Fielders Choice at 2nd, U6 (Groundball, 6M)
|
Bottom of the 3rd over - 0 run(s), 1 hit(s), 0 error(s), 1 left on base; Bismark 2 - Culver City 1 |
TOP OF THE 4TH |
Bismark Border Guards batting - Pitching for Culver City Extras : LHP Greg Taylor
|
Batting: RHB José Cintrón
|
0-0: Ball 1-0: Ball 2-0: Foul Ball, location: 2F 2-1: Swinging Strike 2-2: Strikes out looking
|
Batting: LHB Colin Ives
|
0-0: Called Strike 0-1: Ball 1-1: Swinging Strike 1-2: Ball 2-2: Strikes out looking
|
Batting: RHB Enrico Rodríguez
|
0-0: SINGLE (Line Drive, 6MD)
|
Batting: RHB Brennan Yates
|
0-0: Ball 1-0: Ball 2-0: Ball 3-0: Called Strike 3-1: Called Strike 3-2: Fly out, F9 (Flyball, 89S)
|
Top of the 4th over - 0 run(s), 1 hit(s), 0 error(s), 1 left on base; Bismark 2 - Culver City 1 |
BOTTOM OF THE 4TH |
Culver City Extras batting - Pitching for Bismark Border Guards : RHP Fernando Gutiérrez
|
Batting: RHB Luis Sáenz
|
0-0: Fly out, F3 (Popup, 34)
|
Batting: RHB Axel Guimont
|
0-0: Ball 1-0: Ground out 6-3 (Groundball, 6M)
|
Batting: RHB Jesús Gonzáles
|
0-0: Ball 1-0: DOUBLE (Line Drive, 8LM)
|
Batting: RHB Steve Bender
|
0-0: SINGLE (Line Drive, 9S) Jesús Gonzáles to third
|
Batting: RHB Jesús Hernández
|
0-0: Foul Ball, location: 2F 0-1: Hit by Pitch Steve Bender to second
|
Batting: LHB Ronaldo Gois
|
0-0: Ball 1-0: Foul Ball, location: 2F 1-1: Ball 2-1: Swinging Strike 2-2: Strikes out swinging
|
Bottom of the 4th over - 0 run(s), 2 hit(s), 0 error(s), 3 left on base; Bismark 2 - Culver City 1 |
TOP OF THE 5TH |
Bismark Border Guards batting - Pitching for Culver City Extras : LHP Greg Taylor
|
Batting: LHB Juan Viera
|
0-0: Swinging Strike 0-1: SINGLE (Flyball, 78M)
|
Pitching: RHP Tyler Kirkland
|
|
Batting: LHB Jim Jensen
|
0-0: Ball Juan Viera steals 2nd base 1-0: Ball 2-0: Ball 3-0: Called Strike 3-1: Called Strike 3-2: Foul Ball, location: 2F 3-2: SINGLE (Line Drive, 8LS) Juan Viera to third
|
Batting: RHB Mike Wright
|
0-0: Grounds into double play, 6-4-3 (Groundball, 6) Juan Viera scores
|
Batting: RHB José Gómez
|
0-0: Called Strike 0-1: Fly out, F8 (Flyball, 89XD)
|
Top of the 5th over - 1 run(s), 2 hit(s), 0 error(s), 0 left on base; Bismark 3 - Culver City 1 |
BOTTOM OF THE 5TH |
Culver City Extras batting - Pitching for Bismark Border Guards : RHP Fernando Gutiérrez
|
Batting: RHB Salvador Medine
|
0-0: Ball 1-0: Foul Ball, location: 2F 1-1: Swinging Strike 1-2: Fly out, F3 (Popup, 3L)
|
Batting: RHB Max Rash
|
0-0: Ball 1-0: Ball 2-0: Swinging Strike 2-1: Ball 3-1: Foul Ball, location: 2F 3-2: SINGLE (Groundball, 56D)
|
Batting: RHB Bill Little
|
0-0: Ball 1-0: Called Strike 1-1: Ball 2-1: Called Strike 2-2: Ball 3-2: Base on Balls Max Rash to second
|
Batting: RHB Luis Sáenz
|
0-0: Grounds into double play, U4-3 (Groundball, 4)
|
Bottom of the 5th over - 0 run(s), 1 hit(s), 0 error(s), 1 left on base; Bismark 3 - Culver City 1 |
TOP OF THE 6TH |
Bismark Border Guards batting - Pitching for Culver City Extras : RHP Tyler Kirkland
|
Batting: RHB Vincent Fields
|
0-0: Called Strike 0-1: Ball 1-1: SINGLE (Line Drive, 8LS)
|
Batting: RHB José Cintrón
|
0-0: Fly out, F4 (Popup, 34D)
|
Batting: LHB Colin Ives
|
0-0: Foul Ball, location: 2F 0-1: Ball 1-1: Grounds into double play, 4-6-3 (Groundball, 4)
|
Top of the 6th over - 0 run(s), 1 hit(s), 0 error(s), 0 left on base; Bismark 3 - Culver City 1 |
BOTTOM OF THE 6TH |
Culver City Extras batting - Pitching for Bismark Border Guards : RHP Fernando Gutiérrez
|
Batting: RHB Axel Guimont
|
0-0: Swinging Strike 0-1: Called Strike 0-2: Strikes out swinging
|
Batting: RHB Jesús Gonzáles
|
0-0: Ball 1-0: Foul Ball, location: 2F 1-1: Fly out, F3 (Popup, 23F)
|
Batting: RHB Steve Bender
|
0-0: Ball 1-0: Ball 2-0: Foul Ball, location: 2F 2-1: Ball 3-1: Base on Balls
|
Batting: RHB Jesús Hernández
|
0-0: Called Strike 0-1: Fly out, F4 (Popup, 4D)
|
Bottom of the 6th over - 0 run(s), 0 hit(s), 0 error(s), 1 left on base; Bismark 3 - Culver City 1 |
TOP OF THE 7TH |
Bismark Border Guards batting - Pitching for Culver City Extras : RHP Tyler Kirkland
|
Pitching: RHP Jesse Jones
|
|
Batting: RHB Enrico Rodríguez
|
0-0: Called Strike 0-1: Ball 1-1: Swinging Strike 1-2: Foul Ball, location: 2F 1-2: Ball 2-2: Strikes out swinging
|
Batting: RHB Brennan Yates
|
0-0: Ground out 1-3 (Groundball, 15)
|
Batting: LHB Juan Viera
|
0-0: Ball 1-0: Called Strike 1-1: Swinging Strike 1-2: Foul Ball, location: 2F 1-2: Hit by Pitch
|
Batting: LHB Jim Jensen
|
0-0: Ball 1-0: Ball 2-0: Ball 3-0: Base on Balls Juan Viera to second
|
Pinch Hitting: LHB Nelson Peña
|
0-0: Called Strike 0-1: Called Strike 0-2: Ball 1-2: Ball 2-2: Ball 3-2: SINGLE (Groundball, 6M) Juan Viera to third Jim Jensen to second Juan Viera scores Jim Jensen to third
|
Batting: RHB José Gómez
|
0-0: Called Strike 0-1: Ball 1-1: Called Strike 1-2: Ball Passed Ball! Jim Jensen scores Nelson Peña to second 2-2: DOUBLE (Flyball, 7LD) Nelson Peña scores
|
Pitching: RHP Javier Toledo
|
|
Batting: RHB Vincent Fields
|
0-0: Ball 1-0: Ball 2-0: Called Strike 2-1: Reached on error, E4 (Groundball, 34) José Gómez to third
|
Batting: RHB José Cintrón
|
0-0: Called Strike 0-1: Called Strike 0-2: Ball 1-2: Ground out 4-3 (Groundball, 4S)
|
Top of the 7th over - 3 run(s), 2 hit(s), 1 error(s), 2 left on base; Bismark 6 - Culver City 1 |
BOTTOM OF THE 7TH |
Culver City Extras batting - Pitching for Bismark Border Guards : RHP Fernando Gutiérrez
|
Pitching: RHP Dominic Desmarais
|
|
Now in RF: Nelson Peña
|
|
Batting: LHB Ronaldo Gois
|
0-0: Ball 1-0: Ball 2-0: Called Strike 2-1: Foul Ball, location: 2F 2-2: Foul Ball, location: 2F 2-2: Ground out 4-3 (Groundball, 4)
|
Batting: RHB Salvador Medine
|
0-0: Called Strike 0-1: Swinging Strike 0-2: Foul Ball, location: 2F 0-2: Strikes out swinging
|
Batting: RHB Max Rash
|
0-0: Called Strike 0-1: SINGLE (Groundball, 6)
|
Batting: RHB Bill Little
|
0-0: Fly out, F8 (Flyball, 78D)
|
Bottom of the 7th over - 0 run(s), 1 hit(s), 0 error(s), 1 left on base; Bismark 6 - Culver City 1 |
TOP OF THE 8TH |
Bismark Border Guards batting - Pitching for Culver City Extras : RHP Javier Toledo
|
Batting: LHB Colin Ives
|
0-0: Swinging Strike 0-1: Ball 1-1: Ball 2-1: Swinging Strike 2-2: Foul Ball, location: 2F 2-2: Ball 3-2: Ground out 4-3 (Groundball, 4MD)
|
Batting: RHB Enrico Rodríguez
|
0-0: Foul Ball, location: 2F 0-1: Ground out U3 (Groundball, 3S)
|
Batting: RHB Brennan Yates
|
0-0: Swinging Strike 0-1: Ball 1-1: Ball 2-1: Ball 3-1: Foul Ball, location: 2F 3-2: Strikes out looking
|
Top of the 8th over - 0 run(s), 0 hit(s), 0 error(s), 0 left on base; Bismark 6 - Culver City 1 |
BOTTOM OF THE 8TH |
Culver City Extras batting - Pitching for Bismark Border Guards : RHP Dominic Desmarais
|
Batting: RHB Luis Sáenz
|
0-0: Ball 1-0: Ball 2-0: Called Strike 2-1: Ball 3-1: Called Strike 3-2: Base on Balls
|
Batting: RHB Axel Guimont
|
0-0: Ball 1-0: Ball 2-0: Foul Ball, location: 2F 2-1: Foul Ball, location: 2F 2-2: Foul Ball, location: 2F 2-2: Ball 3-2: Fly out, F8 (Popup, 6MD)
|
Batting: RHB Jesús Gonzáles
|
0-0: Fly out, F8 (Flyball, 8RM)
|
Batting: RHB Steve Bender
|
0-0: Fly out, F3 (Popup, 3F)
|
Bottom of the 8th over - 0 run(s), 0 hit(s), 0 error(s), 1 left on base; Bismark 6 - Culver City 1 |
TOP OF THE 9TH |
Bismark Border Guards batting - Pitching for Culver City Extras : RHP Javier Toledo
|
Batting: LHB Juan Viera
|
0-0: Ball 1-0: Called Strike 1-1: Swinging Strike 1-2: Ball 2-2: Strikes out swinging
|
Batting: LHB Jim Jensen
|
0-0: Ball 1-0: Foul Ball, location: 2F 1-1: Ball 2-1: Called Strike 2-2: Ball 3-2: Strikes out swinging
|
Batting: LHB Nelson Peña
|
0-0: Ball 1-0: Ball 2-0: Ball 3-0: Called Strike 3-1: Foul Ball, location: 2F 3-2: SINGLE (Line Drive, 9LS)
|
Batting: RHB José Gómez
|
0-0: Ball 1-0: Ball 2-0: Ball 3-0: Foul Ball, location: 2F 3-1: DOUBLE (Flyball, 89XD) Nelson Peña to third
|
Batting: RHB Vincent Fields
|
0-0: Called Strike 0-1: Foul Ball, location: 2F 0-2: Ball 1-2: Strikes out looking
|
Top of the 9th over - 0 run(s), 2 hit(s), 0 error(s), 2 left on base; Bismark 6 - Culver City 1 |
BOTTOM OF THE 9TH |
Culver City Extras batting - Pitching for Bismark Border Guards : RHP Dominic Desmarais
|
Batting: RHB Jesús Hernández
|
0-0: Ball 1-0: Foul Ball, location: 2F 1-1: Swinging Strike 1-2: Foul Ball, location: 2F 1-2: Foul Ball, location: 2F 1-2: Ball 2-2: SINGLE (Groundball, 5D)
|
Pitching: LHP Arturo Heredia
|
|
Batting: LHB Ronaldo Gois
|
0-0: Called Strike 0-1: Swinging Strike 0-2: Strikes out swinging
|
Batting: RHB Salvador Medine
|
0-0: Ball 1-0: Called Strike 1-1: 2-RUN HOME RUN (Flyball, 7D), Distance : 378 ft
|
Pitching: RHP Dustin Newman
|
|
Batting: RHB Max Rash
|
0-0: Called Strike 0-1: Ball 1-1: Foul Ball, location: 2F 1-2: Ball 2-2: Foul Ball, location: 2F 2-2: Fly out, F7 (Flyball, 7S)
|
Batting: RHB Bill Little
|
0-0: Called Strike 0-1: Ball 1-1: Called Strike 1-2: Ball 2-2: Foul Ball, location: 2F 2-2: Foul Ball, location: 2F 2-2: Strikes out looking
|
Bottom of the 9th over - 2 run(s), 2 hit(s), 0 error(s), 0 left on base; Bismark 6 - Culver City 3 |
|